 Dungeon Crawl Stone Soup version 0.28-a0-1033-g1a2f33fa85 (webtiles) character file.

Game seed: 16648525263302891993

2 Redcow54321 the Skirmisher (level 1, 0/18 HPs)
             Began as a Demonspawn Berserker on Dec 7, 2021.
             Was a Follower of Trog.
             Slain by a quokka (2 damage)
             ... on level 1 of the Dungeon.
             The game lasted 00:00:26 (114 turns).

Redcow54321 the Skirmisher (Demonspawn Berserker)    Turns: 114, Time: 00:00:26

Health: 0/18       AC:  2    Str: 17    XL:     1   Next: 33%
Magic:  1/1        EV: 12    Int:  8    God:    Trog [*.....]
Gold:   8          SH:  0    Dex: 12    Spells: 0/0 levels left

rFire   . . .      SeeInvis .   a - +0 falchion
rCold   . . .      Faith    .   (no shield)
rNeg    . . .      Spirit   .   b - +0 animal skin
rPois   .          Reflect  .   (no helmet)
rElec   .          Harm     .   (no cloak)
rCorr   .          Rampage  .   (no gloves)
Will    .....                   (no boots)
Stlth   +.........              (no amulet)
HPRegen 0.06/turn               (no ring)
MPRegen 0.07/turn               (no ring)

@: no status effects
A: no striking features
a: Renounce Religion, Berserk


You were on level 1 of the Dungeon.
You worshipped Trog.
Trog was aware of your devotion.
You visited 1 branch of the dungeon, and saw 1 of its levels.

You collected 8 gold pieces.

Inventory:

Hand Weapons
 a - a +0 falchion (weapon)
Armour
 b - a +0 animal skin (worn)


   Skills:
 - Level 3.0 Fighting
 * Level 2.9 Long Blades
 - Level 1.7 Armour
 - Level 1.7 Dodging


You couldn't memorise any spells.
You didn't know any spells.
Your spell library was empty.

Dungeon Overview and Level Annotations

Branches:
Dungeon (1/15)

Altars:


Message History

The kobold shouts!
You hit the rat but do no damage.
The rat is severely wounded.
The rat bites you. The rat closely misses you.
You closely miss the rat.
The rat is severely wounded.
You closely miss the kobold. The rat closely misses you.
The kobold barely misses you. The rat barely misses you.
You barely miss the rat.
The rat is severely wounded.
The quokka closely misses you. The rat bites you but does no damage.
The kobold barely misses you. The rat closely misses you.
You hit the rat.
You kill the rat!
Trog accepts your kill. The quokka closely misses you.
The rat closely misses you. The quokka bites you.
You completely miss the kobold. The rat bites you.
The kobold barely misses you. The quokka closely misses you.
The kobold hits you with a +0 club.
You hit the kobold but do no damage. The rat misses you.
The kobold hits you but does no damage. The quokka bites you.
* * * LOW HITPOINT WARNING * * *
The kobold hits you with a +0 club.
* * * LOW HITPOINT WARNING * * *
The rat closely misses you.
You slash the kobold!
You kill the kobold!
Trog accepts your kill. The quokka barely misses you.
The kobold closely misses you. The rat closely misses you.
The quokka closely misses you. The kobold closely misses you.
The quokka barely misses you.
Things that are here:
a +0 club; a kobold corpse The quokka barely misses you.
The kobold throws a stone.
The stone hits you.
* * * LOW HITPOINT WARNING * * *
You aren't carrying any potions.
You fail to use your ability.
The quokka closely misses you. The quokka bites you.
You die...

............#..........#
#.##........#.#######.##
............#.......#...
........##############'#
.......)# #...#...
#.#...#r# +...'.⌠.
#...#K# #...#... #.. #r#
##########'# #.. #@#
#...#...#... #. #.+
#.<.'...#... #. #.#
#...#...#... #.#
##'#######'# #.#
#...#...#... #.#
+...'...#.⌠. #.#
#...#...#... #.#
######'###'# #...#...


You could see a quokka, a kobold and a rat.

Vanquished Creatures
  An endoplasm (D:1)
  A kobold (D:1)
  A rat (D:1)
3 creatures vanquished.

Notes
Turn   | Place    | Note
-------+----------+-------------------------------------------
     0 | D:1      | Redcow54321 the Demonspawn Berserker began the quest for
                  | the Orb.
     0 | D:1      | Reached XP level 1. HP: 18/18 MP: 1/1
   114 | D:1      | Slain by a quokka

Illustrated notes

Levels and vault maps discovered:
D:1:      co_arrival_random_square_maze, layout_basic, minivault_11, hex_medium,
          minmay_close_crescents

Action                   || total
-------------------------++-------
Melee: Falchion          ||    12
Armor: Animal skin       ||     4
Dodge: Dodged            ||    23

Table legend: (Time is in decaauts)
 A = Elapsed time spent in this place.
 B = Non-inter-level travel time spent in this place.
 C = Inter-level travel time spent in this place.
 D = Time resting spent in this place.
 E = Time spent auto-exploring this place.
 F = Levels seen in this place.
 G = Mean time per level.
                   A        B        C        D        E       F      G
               +--------+--------+--------+--------+--------+-----+--------+
         Total |    116 |    116 |      0 |      0 |     91 |   1 |  116.0 |
       Dungeon |    116 |    116 |      0 |      0 |     91 |   1 |  116.0 |
               +--------+--------+--------+--------+--------+-----+--------+

Top non-repeatable levels by time:
     D:1: 116 daAuts
